 Dungeon Crawl Stone Soup version 0.27.1-2-g3b301248ec (webtiles) character file.

Game seed: 3564010331101945424

24808 Borgoz the Fighter (level 13, -5/86 HPs)
             Began as a Gargoyle Fighter on Sept 28, 2021.
             Was a Priest of Okawaru.
             Slain by a death scarab (16 damage)
             ... summoned by an orange crystal statue
             ... in a Gauntlet.
             The game lasted 00:38:15 (17544 turns).

Borgoz the Fighter (Gargoyle Fighter)              Turns: 17544, Time: 00:38:16

Health: -5/86      AC: 33    Str: 22      XL:     13   Next: 15%
Magic:  8/13       EV:  9    Int:  5 (10) God:    Okawaru [***...]
Gold:   745        SH: 12    Dex: 13      Spells: 12/12 levels left

rFire    . . .     SeeInvis +   a - +8 mace of Wariness {venom, rC+}
rCold    + + +     Faith    .   g - +0 kite shield {rC+}
rNeg     + . .     Spirit   .   D - +0 chain mail {rC+}
rPois    ∞         Reflect  .   q - +1 helmet
rElec    +         Harm     .   k - +0 cloak
rCorr    .         Rampage  .   w - +0 pair of gloves
Will     .....     NoTele   +   r - +0 pair of boots
Stlth    ..........             i - amulet of regeneration
HPRegen  1.24/turn              A - +4 ring of protection
MPRegen  0.13/turn              p - ring of Ru's Benevolence {Str+2 SInv}

@: slowed, very slow
A: sickness immunity, AC +9, negative energy resistance 1, electricity
resistance, torment resistance 1, petrification resistance
a: Renounce Religion, Heroism


You were in a Gauntlet.
You worshipped Okawaru.
Okawaru was most pleased with you.
You visited 2 branches of the dungeon, and saw 14 of its levels.
You also visited: Gauntlet and Ice Cave.

You collected 1822 gold pieces.
You spent 1077 gold pieces at shops.

Inventory:

Hand Weapons
 a - the +8 mace of Wariness (weapon) {venom, rC+}
   (You acquired it on level 2 of the Dungeon)

   It poisons the flesh of those it strikes.
   rC:        It protects you from cold.
 b - a +1 flail of holy wrath
 d - a +1 dire flail of holy wrath
 o - a +3 morningstar
 t - a +0 morningstar of freezing
Armour
 g - a +0 kite shield of cold resistance (worn)
 k - a +0 cloak (worn)
 q - a +1 helmet (worn)
 r - a +0 pair of boots (worn)
 w - a +0 pair of gloves (worn)
 D - a +0 chain mail of cold resistance (worn)
Jewellery
 c - a ring of protection from cold
 i - an amulet of regeneration (around neck)
 p - the ring of Ru's Benevolence (right hand) {Str+2 SInv}
   (You found it in a Gauntlet)

   [ring of see invisible]

   Str:       It affects your strength (+2).
   SInv:      It lets you see invisible.
 s - a ring of resist corrosion
 y - a +6 ring of intelligence
 z - the ring of Wigukk {rC+ Int+2 SInv}
   (You found it in an ice cave)

   [ring of see invisible]

   Int:       It affects your intelligence (+2).
   rC:        It protects you from cold.
   SInv:      It lets you see invisible.
 A - a +4 ring of protection (left hand)
 E - an amulet of guardian spirit
Wands
 f - a wand of flame (53)
 B - a wand of mindburst (15)
Scrolls
 l - 2 scrolls of fog
 n - a scroll of magic mapping
 u - 2 scrolls of identify
 v - a scroll of blinking
 x - a scroll of teleportation
Potions
 e - a potion of mutation
 h - 3 potions of brilliance
 j - 2 potions of cancellation
 m - a potion of flight
 C - a potion of attraction


   Skills:
 * Level 12.0 Fighting
 * Level 10.9 Maces & Flails
 * Level 12.0 Armour
 + Level 5.4 Dodging
 + Level 9.3 Shields
 - Level 5.0 Evocations


You had 12 spell levels left.
You didn't know any spells.
Your spell library contained the following spells:

 Spells                   Type           Power      Damage    Failure   Level
 Animate Skeleton         Necr           0%         N/A       99%         1
 Corona                   Hex            0%         N/A       99%         1
 Summon Small Mammal      Summ           0%         N/A       99%         1
 Ensorcelled Hibernation  Hex/Ice        0%         N/A       100%        2
 Slow                     Hex            0%         N/A       100%        2
 Call Canine Familiar     Summ           0%         N/A       100%        3
 Confusing Touch          Hex            0%         N/A       100%        3
 Inner Flame              Hex/Fire       0%         N/A       100%        3
 Summon Guardian Golem    Hex/Summ       0%         N/A       100%        3
 Tukima's Dance           Hex            0%         N/A       100%        3
 Vampiric Draining        Necr           0%         2d6       100%        3
 Death Channel            Necr           0%         N/A       100%        6
 Ignition                 Fire           0%         3d3       100%        8


Dungeon Overview and Level Annotations

Branches:
Dungeon (13/15)            Temple (1/1) D:6            Lair (0/6) D:9
    Orc (0/2) D:10          IceCv (visited)         Gauntlet (1/1)
 Vaults: D:13-14

Altars:
Ashenzari
Cheibriados
Dithmenos
Elyvilon
Fedhas
Gozag
Hepliaklqana
Kikubaaqudgha
Makhleb
Nemelex Xobeh
Okawaru
Qazlal
Ru
Sif Muna
Trog
Uskayaw
Vehumet
Wu Jian
Xom
Yredelemnul
Zin
The Shining One

Shops:
D:2 ?=!*:   D:6 (   D:7 (   D:8 *

Portals:
Trove: D:10 (give +6 demon trident)

Annotations:
D:5 2 runed translucent doors Gauntlet 11 transporters, 10 runed translucent doors, exclusions: 2 lightning spires and orange crystal statue


Innate Abilities, Weirdness & Mutations

You are immune to sickness and miasma.
Your stone body is resilient. (AC +9)
You are immune to poison.
You resist negative energy. (rN+)
You are resistant to electric shocks. (rElec)
You are resistant to unholy torment.
You are immune to petrification.


Message History

The death scarab bites you!!
* * * LOW HITPOINT WARNING * * *
The death scarab drains your vigour!
You feel as though you will be slow longer.
The death scarab bites you but does no damage. x3
You sock the death scarab!
The death scarab is heavily damaged.
The death scarab bites you but does no damage.
You block the death scarab's attack.
The death scarab bites you but does no damage. x2
You block the death scarab's attack.
The death scarab bites you but does no damage.
You closely miss the death scarab. You block the death scarab's attack. x3
The death scarab bites you!
* * * LOW HITPOINT WARNING * * *
The death scarab bites you but does no damage.
The death scarab barely misses you.
You hit the death scarab.
The death scarab is lightly damaged.
The death scarab closely misses you.
The death scarab bites you but does no damage. x2
You block the death scarab's attack. x2; The death scarab closely misses you.
The death scarab bites you but does no damage.
You block the death scarab's attack.
You thump the death scarab!
The death scarab is heavily damaged.
The death scarab bites you but does no damage.
You block the death scarab's attack. x2
The death scarab bites you but does no damage.
The death scarab barely misses you. You block the death scarab's attack. x2
You barely miss the death scarab.
The death scarab is heavily damaged.
The death scarab bites you but does no damage.
The death scarab barely misses you. You block the death scarab's attack. x2
The death scarab bites you!
* * * LOW HITPOINT WARNING * * *
The death scarab drains your vigour!
You feel as though you will be slow longer.
The death scarab bites you!
You die...

.#..#[#...#...+..+..#..###
#..#.)#...#...+..+..#....#
..#P.##...#).##''#++#....###
.#..#.#...#?.'...'..###..#8#
#..#.©#...#©8'...#.©#©#..###
.#..#p#...#..'...'..#.#..#
..#.Y##...#..##3B#++#.#..###
#..#.?#...#...5BB+..#.#..#8#
.#.Y#.#...#...BB@+..#.#..########
#######...###########.#........#8
........≈...........#.#........##
###....≈8≈....#######.#######....
.©#.....≈.....#©...........©#....
#######...#######################
?©:#.##.§.#.zzzzzzzz#≈#..}.©....#
#.#=#X#...#.#.#.#z#.#≈#..#...#..#
###xx##...#..#.#.#zz#≈#.#######.#


You could see an orange crystal statue, a soul eater (summoned), 5 death
scarabs, 9 flying skulls and an iron imp (summoned).

Vanquished Creatures
  The ghost of Tiptaezo the Severer, an adept DsGl of Okawaru (D:12)
  A green death (Gauntlet)
  A vault guard (D:10)
  An ice dragon (IceCv)
  A centaur warrior (D:13)
  Erica (D:8)
  5 two-headed ogres
  3 skeletal warriors (D:12)
  Pikel (D:8)
  A cyclops (D:12)
  2 ice statues (IceCv)
  A gargoyle (D:11)
  2 orange demons (Gauntlet)
  A kobold demonologist (D:12)
  4 rime drakes (IceCv)
  An unseen horror (D:11)
  5 trolls
  4 slime creatures
  A vampire (D:12)
  2 wraiths
  Sigmund (D:2)
  A shadow (D:12)
  A wyvern (D:8)
  6 yaks (D:8)
  A chaos spawn (Gauntlet)
  Grum (D:10)
  Edmund (D:4)
  3 acid dragons
  2 water moccasins
  3 orc warriors
  3 black bears
  3 ice beasts
  A sky beast (D:6)
  A hornet zombie (D:8)
  A necrophage (D:6)
  4 ogres
  4 wolves (D:10)
  3 phantoms
  11 centaurs
  3 lemures (D:8)
  2 kobold brigands (D:10)
  4 bullfrogs
  A gnoll sergeant (D:10)
  4 scorpions
  2 two-headed ogre simulacra (D:11)
  A lindwurm simulacrum (IceCv)
  3 killer bees (D:11)
  2 howler monkeys (D:11)
  12 wights
  5 centaur zombies
  9 komodo dragon simulacra (IceCv)
  7 orc priests
  2 centaur skeletons (D:6)
  2 hounds
  A bullfrog skeleton (D:7)
  7 iguanas
  14 orc wizards
  A spriggan simulacrum (D:11)
  A troll simulacrum (D:11)
  Natasha (thrice) (D:4)
  A killer bee zombie (D:9)
  A hound zombie (D:5)
  7 gnolls (D:10)
  3 adders (D:3)
  5 acid dragon simulacra (IceCv)
  2 white imps (D:6)
  An ufetubus (D:6)
  6 steam dragon simulacra (IceCv)
  5 worms
  2 dart slugs
  46 orcs
  7 ball pythons
  A bat (D:3)
  6 endoplasms
  2 giant cockroaches
  5 hobgoblins
  6 quokkas
  2 frilled lizards
  7 goblins
  19 kobolds
  9 rats
319 creatures vanquished.

Vanquished Creatures (others)
  A demonic plant (Gauntlet)
  14 withered plants (Gauntlet)
15 creatures vanquished.

Grand Total: 334 creatures vanquished

Notes
Turn   | Place    | Note
-------+----------+-------------------------------------------
     0 | D:1      | Borgoz the Gargoyle Fighter began the quest for the Orb.
     0 | D:1      | Reached XP level 1. HP: 14/14 MP: 1/1
   192 | D:1      | Reached XP level 2. HP: 8/19 MP: 2/2
   951 | D:1      | Reached XP level 3. HP: 23/23 MP: 3/3
  1070 | D:2      | You fall into a shaft and drop 2 floors!
  1070 | D:4      | Noticed a scorpion
  1081 | D:4      | Killed a scorpion
  1082 | D:4      | Reached XP level 4. HP: 18/29 MP: 4/4
  1328 | D:4      | Reached XP level 5. HP: 17/33 MP: 5/5
  1668 | D:4      | Noticed Edmund
  1685 | D:4      | HP: 1/33 [Edmund (10)]
  1695 | D:4      | Killed Edmund
  1696 | D:4      | Reached XP level 6. HP: 22/39 MP: 6/6
  2066 | D:4      | Noticed Natasha
  2078 | D:4      | Killed Natasha
  2883 | D:2      | Reached skill level 5 in Shields
  2939 | D:2      | Reached skill level 5 in Fighting
  3009 | D:2      | Found Acu Koi's General Store.
  3073 | D:2      | Reached skill level 5 in Armour
  3073 | D:2      | Reached XP level 7. HP: 31/44 MP: 7/7
  3266 | D:2      | Found Luakel's Distillery.
  3308 | D:2      | Found Diosamu's Book Boutique.
  3357 | D:2      | Found Voinomaeru's Jewellery Shop.
  3401 | D:2      | Noticed Sigmund
  3412 | D:2      | Killed Sigmund
  3485 | D:2      | Found Vugh's Magic Scroll Shoppe.
  3497 | D:2      | Bought a scroll of magic mapping for 49 gold pieces
  3607 | D:3      | Found a faded altar of an unknown god.
  4492 | D:4      | Noticed Natasha
  4506 | D:4      | Killed Natasha
  4716 | D:4      | Noticed Natasha
  4725 | D:4      | Killed Natasha
  5176 | D:5      | Entered Level 5 of the Dungeon
  5283 | D:5      | Reached XP level 8. HP: 46/51 MP: 8/8
  5507 | D:5      | Reached skill level 5 in Maces & Flails
  5612 | D:5      | Found a runed translucent door.
  5619 | D:5      | Found a runed translucent door.
  5670 | D:5      | Found a broken altar of Ashenzari.
  6687 | D:6      | Found a staircase to the Ecumenical Temple.
  6747 | D:6      | Found a stormy altar of Qazlal.
  6826 | D:6      | Reached skill level 1 in Dodging
  6826 | D:6      | Reached skill level 1 in Evocations
  6826 | D:6      | Reached XP level 9. HP: 49/57 MP: 9/9
  7291 | D:6      | Found Ogyvel's Antique Weapon Shop.
  7315 | D:6      | Found a shimmering blue altar of Sif Muna.
  7861 | Temple   | Entered the Ecumenical Temple
  8666 | D:7      | Got the Volume of Torrid Evil
  8775 | D:7      | Found Debetiw's Weapon Boutique.
  8862 | D:7      | Found a white marble altar of Elyvilon.
  8876 | D:7      | Found a bloodstained altar of Trog.
  9029 | D:7      | Reached XP level 10. HP: 64/64 MP: 10/10
  9262 | D:8      | Noticed a two-headed ogre
  9263 | D:8      | Noticed Erica
 10074 | D:8      | Noticed Pikel
 10421 | D:8      | Found Sizucalu's Lightly-Used Armoury.
 10554 | D:8      | Found a sparkling altar of Nemelex Xobeh.
 10975 | D:7      | Identified a scroll of acquirement
 10975 | D:7      | Acquired 696 gold pieces
 11137 | D:2      | Bought a scroll of acquirement for 728 gold pieces
 11156 | D:2      | Bought an amulet of regeneration for 300 gold pieces
 11161 | D:2      | Acquired the +8 mace of Wariness {venom, rC+}
 11381 | D:8      | Killed Pikel
 11476 | D:8      | Found a basalt altar of Yredelemnul.
 11527 | D:8      | Killed Erica
 11611 | D:7      | Killed a two-headed ogre
 11612 | D:7      | Reached XP level 11. HP: 62/71 MP: 11/11
 11693 | D:9      | Found a blossoming altar of Fedhas.
 11693 | D:9      | Found a shadowy altar of Dithmenos.
 11884 | D:9      | Noticed a two-headed ogre
 11901 | D:9      | Killed a two-headed ogre
 11979 | D:9      | Found a staircase to the Lair.
 12184 | D:9      | Found a snail-covered altar of Cheibriados.
 12350 | D:10     | Entered Level 10 of the Dungeon
 12509 | D:10     | Noticed Grum
 12523 | D:10     | Killed Grum
 12551 | D:10     | Found a staircase to the Orcish Mines.
 12647 | D:10     | Noticed a vault guard
 12659 | D:10     | Killed a vault guard
 12660 | D:10     | Reached skill level 10 in Fighting
 12660 | D:10     | Reached skill level 10 in Armour
 12775 | D:10     | Found a portal to a secret trove of treasure.
 12870 | D:10     | Found an iron altar of Okawaru.
 13326 | D:11     | Noticed a two-headed ogre
 13342 | D:11     | Killed a two-headed ogre
 13511 | D:11     | Found a frozen archway.
 13551 | IceCv    | Entered an ice cave
 14483 | IceCv    | Noticed an ice dragon
 14503 | IceCv    | Killed an ice dragon
 14504 | IceCv    | Reached XP level 12. HP: 45/79 MP: 12/12
 14607 | IceCv    | Identified the ring of Wigukk {rC+ Int+2 SInv}
 14906 | D:9      | Reached skill level 5 in Evocations
 14996 | D:10     | Became a worshipper of Warmaster Okawaru
 15124 | D:11     | Noticed a two-headed ogre
 15144 | D:11     | Killed a two-headed ogre
 15193 | D:11     | Reached skill level 10 in Maces & Flails
 15226 | D:11     | Found a broken altar of Ashenzari.
 15819 | D:12     | Reached * piety under Okawaru
 15873 | D:12     | Found a runed translucent door.
 15875 | D:12     | Noticed Tiptaezo's ghost (adept DsGl)
 15969 | D:12     | Noticed a two-headed ogre
 15977 | D:12     | Killed a two-headed ogre
 16184 | D:12     | Reached ** piety under Okawaru
 16185 | D:12     | Reached skill level 5 in Dodging
 16728 | D:12     | Killed Tiptaezo's ghost
 16728 | D:12     | Reached *** piety under Okawaru
 16941 | D:13     | Found a gate leading to a gauntlet.
 16944 | D:13     | Noticed a centaur warrior
 16957 | D:13     | Reached XP level 13. HP: 85/85 MP: 13/13
 16987 | Gauntlet | Entered a Gauntlet
 16987 | Gauntlet | Found a transporter.
 16987 | Gauntlet | Found a transporter.
 16992 | Gauntlet | Found a transporter.
 17007 | Gauntlet | Found a transporter.
 17028 | Gauntlet | Found a transporter.
 17028 | Gauntlet | Noticed a green death
 17036 | Gauntlet | Found a transporter.
 17038 | Gauntlet | Found a large runed translucent door.
 17038 | Gauntlet | Found a large runed translucent door.
 17039 | Gauntlet | Found a large runed translucent door.
 17039 | Gauntlet | Found a large runed translucent door.
 17040 | Gauntlet | Found a large runed translucent door.
 17040 | Gauntlet | Found a large runed translucent door.
 17040 | Gauntlet | Found a runed translucent door.
 17040 | Gauntlet | Found a runed translucent door.
 17040 | Gauntlet | Found a large runed translucent door.
 17041 | Gauntlet | Found a large runed translucent door.
 17048 | Gauntlet | Found a large runed translucent door.
 17048 | Gauntlet | Found a large runed translucent door.
 17049 | Gauntlet | Found a large runed translucent door.
 17049 | Gauntlet | Found a large runed translucent door.
 17050 | Gauntlet | Found a large runed translucent door.
 17050 | Gauntlet | Found a large runed translucent door.
 17124 | Gauntlet | Found a transporter.
 17129 | Gauntlet | Found a transporter.
 17151 | Gauntlet | Found a transporter.
 17158 | Gauntlet | Found a transporter.
 17241 | Gauntlet | Found a transporter.
 17249 | Gauntlet | Found a transporter.
 17250 | Gauntlet | Found the ring of the Mage {Wiz Will++ Int+3}
 17251 | Gauntlet | Found a transporter.
 17252 | Gauntlet | Found a transporter.
 17257 | Gauntlet | Found a large runed translucent door.
 17258 | Gauntlet | Found a large runed translucent door.
 17260 | Gauntlet | Found a runed translucent gate.
 17265 | Gauntlet | Found a transporter.
 17266 | Gauntlet | Found a transporter.
 17266 | Gauntlet | Found a runed translucent gate.
 17266 | Gauntlet | Found a runed translucent gate.
 17365 | Gauntlet | Killed a green death
 17372 | Gauntlet | Reached **** piety under Okawaru
 17386 | Gauntlet | Identified the ring of Ru's Benevolence {Str+2 SInv}
 17458 | Gauntlet | HP: 1/86 [wolf[an orange crystal statue] (8)]
 17544 | Gauntlet | Slain by a death scarab

Illustrated notes

Levels and vault maps discovered:
D:1:      dpeg_arrival_rhombi, layout_loops_ring
D:2:      layout_loops_cross, serial_shops, nicolae_shop_behind_doors, shop,
          shop, nicolae_diamond_shop, shop, uniq_sigmund
D:3:      layout_rooms, basic_ecumenical_altar, minivault_26
D:4:      layout_basic, uniq_edmund, uniq_natasha
D:5:      lemuel_insect_pit, layout_basic, nicolae_overflow_hidden_temple
D:6:      layout_loops_ring, tgw_sif, mainiacjoe_overflow_cross_hatched,
          minmay_temple_entry_ruins, serial_shops, nicolae_shop_trees,
          hangedman_decor_points
D:7:      layout_loops_corners, mainiacjoe_overflow_alcove_1,
          trog_ov_bears_minmay, serial_shops, shop, minmay_between
D:8:      layout_basic, lemuel_zombie_altar_yredelemnul,
          mainiacjoe_overflow_tiny_flanked, minmay_shop_damaged, uniq_pikel,
          uniq_erica
D:9:      layout_long_grid, slow_altar_2,
          chequers_temple_overflow_statue_of_worship, lair_entry_dummy,
          kennysheep_big_empty_room
D:10:     layout_long_grid, okawaru_altar_gauntlet_db, orc_0_dummy,
          enter_trove_5, grunt_decor_clamped, minmay_misc_feat_plants, uniq_grum
D:11:     layout_stronghold, portal_ice_cave_entry_ice_simulacra,
          nicolae_ashenzari_panopticon
D:12:     layout_layer_cave, ebering_ghost_reflecting_pool
D:13:     layout_basic, david_vaults_2, gauntlet_entry_generic,
          beargit_hepliaklqana_dungeon_heroes
Temple:   bh_familiar_temple
Gauntlet: gammafunk_gauntlet_branching [gammafunk_gauntlet_arena_crates,
          gammafunk_gauntlet_arena_spirals, gammafunk_gauntlet_arena_chambers,
          gammafunk_gauntlet_arena_grid, gammafunk_gauntlet_arena_mazey,
          gammafunk_gauntlet_arena_split_x,
          minmay_gauntlet_arena_make_your_own_arena,
          gammafunk_gauntlet_arena_arrow_garden, gauntlet_exit_hidden_loot]

Skill      XL: |  1  2  3  4  5  6  7  8  9 10 11 12 13 |
---------------+----------------------------------------+-----
Fighting       | 4 5 7 8 9 10 11 12 | 12.0
Armour         | 4 5 7 8 9 10 11 12 | 12.0
Shields        | 4 5 6 7 8 9 |  9.3
Maces & Flails | 3 4 5 7 8 9 10 | 10.9
Dodging        | 1 2 3 4 5 |  5.4
Evocations     | 1 2 3 4 5 |  5.0

Action                   |  1- 3 |  4- 6 |  7- 9 | 10-12 | 13-15 || total
-------------------------+-------+-------+-------+-------+-------++-------
Melee: Flail             |    93 |   157 |   122 |   116 |       ||   488
       Dire flail        |       |       |   154 |       |       ||   154
       Morningstar       |       |       |   124 |   147 |       ||   271
       Mace              |       |       |       |   636 |    96 ||   732
Invok: Heroism           |       |       |       |       |     1 ||     1
Evoke: Wand              |       |     1 |     6 |     3 |       ||    10
  Use: Scroll            |     1 |     5 |     2 |    19 |     1 ||    28
       Potion            |       |     3 |     5 |    10 |     1 ||    19
Armor: Scale mail        |    57 |    79 |   226 |   358 |       ||   720
       Chain mail        |       |       |       |   173 |   202 ||   375
Dodge: Dodged            |    34 |    53 |   134 |   321 |   122 ||   664
Block: Kite shield       |    52 |    99 |   132 |   512 |   139 ||   934
